 Dungeon Crawl Stone Soup version 0.20-b1-18-gaa2fd62 (webtiles) character file.

35 Hook the Caller (level 3, -2/28 HPs)
             Began as a Hill Orc Summoner on May 24, 2017.
             Slain by a crimson imp (4 damage)
             ... summoned by Natasha
             ... on level 2 of the Dungeon.
             The game lasted 00:03:50 (1341 turns).

Hook the Caller (Hill Orc Summoner)                 Turns: 1341, Time: 00:03:52

Health: -2/28      AC:  2    Str: 10    XL:     3   Next: 35%
Magic:  2/5        EV: 12    Int: 16    God:
Gold:   72         SH:  0    Dex: 11    Spells: 2/5 levels left

rFire    . . .     SeeInvis .   h - +0 hand axe
rCold    . . .     Gourm    .   (no shield)
rNeg     . . .     Faith    .   a - +0 robe
rPois    .         Spirit   .   (no helmet)
rElec    .         Reflect  .   (no cloak)
rCorr    .         Harm     .   (no gloves)
MR       .....                  (no boots)
Stlth    ++........             q - amulet of magic regeneration
Regen    0.1/turn               (no ring)
MPRegen  0.2/turn               (no ring)

@: very slightly contaminated, slowed, very slow
A: no striking features
a: no special abilities


You were on level 2 of the Dungeon.
You were not hungry.

You visited 1 branch of the dungeon, and saw 2 of its levels.

You collected 72 gold pieces.

Inventory:

Hand Weapons
 g - a +0 short sword
 h - a +0 hand axe (weapon)
Armour
 a - a +0 robe (worn)
Jewellery
 q - an amulet of magic regeneration (around neck)
Scrolls
 f - a scroll of identify
Potions
 c - a potion of invisibility {unknown}
 e - 3 potions of ambrosia {unknown}
 i - a potion of magic {unknown}
 j - a potion of haste {unknown}
 n - a potion of heal wounds
 o - a potion of lignification {unknown}
Books
 b - a book of Callings

   Spells                             Type                      Level
   a - Summon Small Mammal            Summoning                    1
   b - Call Imp                       Summoning                    2
   c - Call Canine Familiar           Summoning                    3
   d - Summon Guardian Golem          Hexes/Summoning              3
   e - Summon Lightning Spire         Summoning/Air                4
   f - Summon Ice Beast               Ice/Summoning                4
Comestibles
 l - a meat ration
 m - a chunk of flesh


   Skills:
 * Level 1.3 Fighting
 * Level 0.6 Axes
 * Level 1.9 Dodging
 + Level 1.8 Stealth
 - Level 0.4 Unarmed Combat
 * Level 1.9 Spellcasting
 * Level 4.1 Summonings


You had 2 spell levels left.
You knew the following spells:

 Your Spells              Type           Power        Failure   Level  Hunger
a - Summon Small Mammal   Summ           ##..         3%          1    #......
b - Call Imp              Summ           ##......     6%          2    ###....


Dungeon Overview and Level Annotations

Branches:
Dungeon (2/15)

Altars:
Okawaru

Annotations:
D:2 Natasha, Terence


Message History

You feel yourself slow down.
The iron imp shouts, "Out, out, thou droning elf-skinned scut!"
You closely miss the crimson imp.
The crimson imp is lightly wounded.
You hit Natasha but do no damage.
The crimson imp hits you but does no damage.
Natasha claws you.
* * * LOW HITPOINT WARNING * * *
The crimson imp closely misses you. Natasha barely misses you.
Okay, then.
You barely miss Natasha.
Natasha is almost dead.
You barely miss the crimson imp.
The iron imp disappears in a puff of smoke!
The crimson imp hits you.
* * * LOW HITPOINT WARNING * * *
Natasha closely misses you.
The shadow imp shouts, "Fly, thou unmuzzled weeb-spouting flim-flammer!"
The crimson imp hits you.
You die...

**,,,,,,,* #.. *>,,,,,,,* #..
**,,,,,...# #.. **,,,,,,..# ###
,,,,,,,,..# .,,,,,,,#.# ***###
..,,,,,,#.# *,...#
##.######.########....##****#####
.........<....5h@5b...?.,,,,.....
*,**#......#######.....#****#####
.** #.....(# *,....#
..###......## *,,...#
(...........# *,,,..# **######
............## *,,,,.# *,......
$#<..†#####..# *,,,,,# *,......
,#...## ##.## *,,,..* *,......
*#...# #..# ****#.# *,......


You could see Natasha, a crimson imp, a shadow imp and a bat.

Vanquished Creatures
  Natasha (D:2)
  An adder (D:2)
  A ball python (D:2)
  A giant cockroach (D:2)
  A goblin (D:1)
  2 hobgoblins (D:1)
  3 kobolds (D:1)
  A bat (D:1)
  3 frilled lizards
  A rat (D:2)
15 creatures vanquished.

Vanquished Creatures (collateral kills)
  A worm (D:2)
  A goblin (D:1)
  A kobold (D:2)
3 creatures vanquished.

Grand Total: 18 creatures vanquished

Notes
Turn   | Place    | Note
-------+----------+-------------------------------------------
     0 | D:1      | Hook the Hill Orc Summoner began the quest for the Orb.
     0 | D:1      | Reached XP level 1. HP: 14/14 MP: 3/3
   643 | D:1      | Reached XP level 2. HP: 20/20 MP: 0/4
   882 | D:2      | Noticed Terence
   892 | D:1      | Learned a level 2 spell: Call Imp
   942 | D:2      | Noticed Natasha
   968 | D:2      | Killed Natasha
   968 | D:2      | Reached skill level 1 in Fighting
  1050 | D:2      | Reached XP level 3. HP: 26/28 MP: 2/5
  1181 | D:2      | Found an iron altar of Okawaru.
  1321 | D:2      | Noticed Natasha
  1341 | D:2      | Slain by a crimson imp

Skill      XL: |  1  2 |
---------------+-------+-----
Fighting       | 1 |  1.3
Axes           | |  0.6
Dodging        | |  1.9
Stealth        | |  1.8
Unarmed Combat | |  0.4
Spellcasting   | |  1.9
Summonings     | |  4.1

Action                   || total
-------------------------++-------
Melee: Unarmed           ||    20
       Hand axe          ||    45
 Cast: Summon Small Mamm ||    18
       Call Imp          ||     6
  Use: Scroll            ||     4
 Stab: Sleeping          ||     2
  Eat: Bread ration      ||     1
Armor: Robe              ||    15
Dodge: Dodged            ||    63
